 Dungeon Crawl Stone Soup version 0.20-a0-472-g5c05303 (webtiles) character file.

258 prestonbroadus the Slasher (level 6, -8/48 HPs)
             Began as a Barachian Gladiator on Jan 14, 2017.
             Was an Initiate of Gozag.
             Killed by divine providence
             ... invoked by an orc priest
              (15 damage)
             ... on level 5 of the Dungeon.
             The game lasted 00:17:26 (3271 turns).

prestonbroadus the Slasher (Barachian Gladiator)    Turns: 3271, Time: 00:17:27

Health: -8/48      AC:  7    Str: 14    XL:     6   Next: 16%
Magic:  0/6        EV: 10    Int:  6    God:    Gozag
Gold:   182        SH:  0    Dex: 13    Spells: 5/5 levels left

rFire  . . .     SeeInvis .     a - +0 long sword
rCold  . . .     Gourm    .     t - +0 scale mail
rNeg   . . .     Faith    .     (no shield)
rPois  .         Spirit   +     c - +0 helmet
rElec  .         Reflect  .     (no cloak)
rCorr  +         Harm     .     (no gloves)
MR     +....                    (no boots)
Stlth  ..........               m - amulet of guardian spirit
                                u - ring of resist corrosion
                                n - ring of protection from magic

@: slow
A: swims, slowness 1, strong legs 1
a: Hop, Potion Petition, Call Merchant, Bribe Branch, Renounce Religion


You were on level 5 of the Dungeon.
You worshipped Gozag.
Gozag was aware of your devotion.
You were not hungry.

You visited 1 branch of the dungeon, and saw 5 of its levels.

You collected 257 gold pieces.
You paid 75 gold pieces to Gozag.

Inventory:

Hand Weapons
 a - a +0 long sword (weapon)
Missiles
 d - 3 throwing nets
 i - 61 stones (quivered)
 s - 17 sling bullets
Armour
 c - a +0 helmet (worn)
 t - a +0 scale mail (worn)
Jewellery
 m - an amulet of guardian spirit (around neck)
 n - a ring of protection from magic (left hand)
 q - an uncursed ring of ice
 u - a ring of resist corrosion (right hand)
Wands
 r - a wand of paralysis (6/24)
Scrolls
 b - 2 scrolls of noise
 e - a scroll of teleportation
 h - a scroll of recharging {unknown}
 l - a scroll of remove curse
Potions
 k - a potion of lignification {unknown}
 o - a potion of heal wounds {unknown}
Comestibles
 f - 3 bread rations
 g - 2 meat rations
 j - 2 beef jerkies
 p - a fruit


   Skills:
 * Level 4.1 Fighting
 - Level 5.7 Long Blades
 - Level 1.7 Throwing
 - Level 1.9 Armour
 - Level 3.0 Dodging
 * Level 1.2 Evocations


You had 5 spell levels left.
You didn't know any spells.

Dungeon Overview and Level Annotations

Branches:
Dungeon (5/15)
 Temple: D:4-7

Altars:
Gozag

Annotations:
D:2 Sigmund
D:3 Grinder
D:4 exclusion: upstairs


Innate Abilities, Weirdness & Mutations

You can swim through water.
You cover ground slowly.
You can hop short distances.


Message History

You riposte.
You barely miss the orc priest.
The orc priest is heavily wounded.
Your scale mail prevents you from hitting the orc priest.
The orc priest is heavily wounded.
The orc priest hits you.
You barely miss the orc priest.
The orc priest is heavily wounded.
The orc priest mumbles some strange prayers to Beogh against you.
Pain shoots through your body!
* * * LOW HITPOINT WARNING * * *
You barely miss the orc priest.
The orc priest is heavily wounded.
The orc priest hits you.
* * * LOW HITPOINT WARNING * * *
You hit the orc priest.
The orc priest is almost dead.
The orc priest mumbles some strange prayers to Beogh against you.
Beogh smites you!
You die...
Your body crumbles into a pile of gold.

+ .##. $.. ...
#.# #.. # #
#.###.#
#.##.#..@o.#.#
#.....<$.....#
##############
$


You could see an orc priest.

Vanquished Creatures
  A howler monkey (D:4)
  2 hounds (D:4)
  An orc wizard (D:4)
  5 adders
  4 worms
  4 dart slugs
  A leopard gecko (D:4)
  8 orcs
  3 ball pythons
  4 giant cockroaches
  6 hobgoblins
  2 jackals (D:4)
  A quokka (D:2)
  7 bats
  4 frilled lizards
  7 goblins
  6 kobolds
  7 rats
73 creatures vanquished.

Notes
Turn   | Place    | Note
-------+----------+-------------------------------------------
     0 | D:1      | prestonbroadus the Barachian Gladiator began the quest for the Orb.
     0 | D:1      | Reached XP level 1. HP: 16/16 MP: 1/1
   379 | D:1      | Reached XP level 2. HP: 20/23 MP: 2/2
   808 | D:1      | Reached skill level 4 in Long Blades
   832 | D:1      | Reached XP level 3. HP: 28/28 MP: 3/3
  1400 | D:2      | Noticed Sigmund
  1439 | D:2      | Reached XP level 4. HP: 24/35 MP: 4/4
  1933 | D:3      | Noticed Grinder
  2004 | D:4      | Reached skill level 5 in Long Blades
  2039 | D:4      | Reached skill level 1 in Armour
  2039 | D:4      | Reached XP level 5. HP: 35/41 MP: 5/5
  2362 | D:3      | Found an opulent altar of Gozag.
  2371 | D:3      | Became a worshipper of Gozag Ym Sagoz the Greedy
  2418 | D:4      | HOP SAVED MY GAME TWICE ALREADY
  2802 | D:4      | Noticed a sky beast
  2958 | D:3      | Reached XP level 6. HP: 48/48 MP: 6/6
  3074 | D:4      | Reached skill level 1 in Evocations
  3211 | D:5      | Entered Level 5 of the Dungeon
  3271 | D:5      | Killed from afar by an orc priest

Vault maps used:
D:1:      nicolae_arrival_memento_mori, minmay_misc_feat_room
D:2:      first_bread, uniq_sigmund
D:3:      nicolae_overflow_hidden_temple, grunt_ministairs_11, uniq_grinder
D:4:      serial_shops, shop_coins
D:5:      kennysheep_mini_moat, lemuel_crystal_altar, lemuel_crystal_altar,
          serial_shops, shop, basic_altar

Skill      XL: |  1  2  3  4  5  6 |
---------------+-------------------+-----
Long Blades    | 4 5 |  5.7
Fighting       | 3 4 |  4.1
Armour         | 1 |  1.9
Evocations     | 1 |  1.2
Throwing       | |  1.7
Dodging        | |  3.0

Action                   |  1- 3 |  4- 6 || total
-------------------------+-------+-------++-------
Melee: Long sword        |   102 |   152 ||   254
Throw: Stone             |    27 |    14 ||    41
 Abil: Hop               |     1 |     2 ||     3
  Use: Scroll            |     1 |     2 ||     3
  Eat: Chunk             |     2 |     4 ||     6
       Fruit             |       |     3 ||     3
Armor: Leather armour    |     1 |       ||     1
       Ring mail         |    26 |    24 ||    50
       Scale mail        |       |    39 ||    39
Dodge: Dodged            |    71 |    95 ||   166
       Rpst.: Long sword |    20 |    35 ||    55
